 Dungeon Crawl Stone Soup version 0.31-a0-187-gba352fbbf7 (webtiles) character file.

Game seed: 15141870052776478621

102 Gorgondantess the Insei (level 5, 0/37 HPs)
             Began as a Human Transmuter on June 22, 2023.
             Slain by a goblin
             ... wielding a +0 dagger
              (2 damage)
             ... on level 3 of the Dungeon.
             The game lasted 00:03:52 (2053 turns).

Gorgondantess the Insei (Human Transmuter)          Turns: 2053, Time: 00:03:53

Health: 0/37       AC:  2    Str: 12    XL:     5   Next: 6%
Magic:  3/8        EV: 12    Int: 13    God:
Gold:   109        SH:  0    Dex: 14    Spells: 2/8 levels left

rFire   . .          .
                       - Unarmed
rCold   . . .        (no shield)
rNeg    . . .        a - +0 robe
rPois   .            (helmet currently unavailable)
rElec   .            (no cloak)
rCorr   .            (no gloves)
SInv    .            (boots currently unavailable)
Will    .....        (no amulet)
Stlth   +            (no ring)
HPRegen 0.26/turn    (no ring)
MPRegen 0.11/turn

%: no passive effects
@: appendages (expiring), wereblooded
A: horns 2, talons 2
a: End Transformation


You were on level 3 of the Dungeon.
You had temporarily grown beastly horns and talons.
You visited 1 branch of the dungeon, and saw 3 of its levels.

You collected 109 gold pieces.

Inventory:

Armour
 a - a +0 robe (worn)
Scrolls
 c - 2 scrolls of fog {unknown}
 d - 4 scrolls of vulnerability {unknown}
 e - 2 scrolls of teleportation {unknown}
 g - a scroll of blinking {unknown}
 h - 2 scrolls of identify {unknown}
 i - a scroll of immolation {unknown}
Potions
 b - a potion of lignification
 f - 2 potions of heal wounds {unknown}


   Skills:
 - Level 1.0 Fighting
 - Level 2.0 Dodging
 + Level 5.3 Unarmed Combat
 - Level 2.0 Spellcasting
 - Level 2.0 Transmutations


You had 2 spell levels left.
You knew the following spells:

 Your Spells              Type           Power      Damage    Failure   Level
a - Beastly Appendage     Tmut           12%        N/A       11%         1
b - Wereblood             Tmut           6%         N/A       17%         2
c - Spider Form           Tmut/Pois      3%         N/A       45%         3

Your spell library contained the following spells:

 Spells                   Type           Power      Damage    Failure   Level
 Sublimation of Blood     Necr           1%         N/A       36%         2
 Ice Form                 Ice/Tmut       3%         N/A       86%         4
 Summon Hydra             Summ           0%         N/A       100%        7


Dungeon Overview and Level Annotations

Branches:
Dungeon (3/15)

Altars:
Cheibriados

Shops:
D:2 :


Innate Abilities, Weirdness & Mutations

You have temporarily grown beastly horns and talons.


Message History

You closely miss the orc wizard. The orc barely misses you.
The orc wizard points at you and mumbles some strange words.
The magic dart hits you!
You barely miss the orc wizard. The orc barely misses you.
The orc wizard hits you with a +0 dagger.
You miss the orc wizard. You headbutt the orc wizard!
The orc wizard is heavily wounded.
You barely miss the orc wizard. Your headbutt misses the orc wizard.
The orc wizard is heavily wounded.
Your transformation is almost over.
The orc hits you but does no damage.
The orc wizard hits you but does no damage.
You closely miss the orc wizard.
The orc wizard is heavily wounded.
The orc closely misses you.
The orc wizard hits you with a +0 dagger.
You hit the orc wizard. Your kick misses the orc wizard.
The orc wizard is heavily wounded.
The orc hits you with a +0 club.
* * * LOW HITPOINT WARNING * * *
The orc wizard hits you with a +0 dagger.
* * * LOW HITPOINT WARNING * * *
You barely miss the orc wizard.
The orc wizard is heavily wounded.
The orc hits you with a +0 club.
* * * LOW HITPOINT WARNING * * *
The orc wizard completely misses you.
You punch the orc wizard! You headbutt the orc wizard.
You feel a bit better.
You kill the orc wizard!
The orc hits you but does no damage.
You have reached level 5!
You punch the orc!
You feel a bit better.
You kill the orc!
The goblin hits you with a +0 dagger.
* * * LOW HITPOINT WARNING * * *
You barely miss the goblin. Your kick misses the goblin.
Your headbutt misses the goblin.
A bat comes into view.
The goblin hits you with a +0 dagger.
You die...

##.# #########.#
#..##..##.#
##.##.....#
#........##
#####.#...##
#......##
###.....# ##<@#.#
#### ##)g.###....
#..........
#####.#........
#...........###
#..............
########....#....
.......#.........
.#._.#.#####.....


You could see a goblin.

Vanquished Creatures
  An orc wizard (D:3)
  An adder (D:2)
  2 worms
  2 dart slugs
  6 orcs (D:3)
  4 giant cockroaches
  3 goblins (D:2)
  8 hobgoblins
  4 jackals (D:2)
  A quokka (D:1)
  2 ball pythons
  3 bats (D:2)
  6 frilled lizards
  3 kobolds
  4 rats
50 creatures vanquished.

Notes
Turn   | Place    | Note
-------+----------+-------------------------------------------
     0 | D:1      | Gorgondantess the Human Transmuter began the quest for the
                  | Orb.
     0 | D:1      | Reached XP level 1. HP: 15/15 MP: 3/3
   154 | D:1      | Reached XP level 2. HP: 10/21 MP: 3/5
   158 | D:1      | Learned a level 2 spell: Wereblood
   522 | D:1      | Found a faded altar of an unknown god.
   723 | D:2      | Reached skill level 4 in Unarmed Combat
   723 | D:2      | Reached XP level 3. HP: 22/26 MP: 4/6
  1186 | D:2      | Reached XP level 4. HP: 28/32 MP: 5/7
  1208 | D:2      | Learned a level 3 spell: Spider Form
  1388 | D:2      | Found Jiomuf's Book Boutique.
  2021 | D:3      | Found a snail-covered altar of Cheibriados.
  2027 | D:3      | Reached skill level 5 in Unarmed Combat
  2050 | D:3      | HP: 1/32 [orc/+0 club (2)]
  2052 | D:3      | Reached XP level 5. HP: 3/37 MP: 3/8
  2053 | D:3      | Slain by a goblin

Illustrated notes

Levels and vault maps discovered:
D:1:      dpeg_arrival_connections, layout_basic,
          chequers_ecumenical_altar_island, dk_noncrumbling_3
D:2:      layout_basic, serial_shops, nicolae_shop_tiny_real_fake_doors
D:3:      layout_rooms, old_standard_altar, mainiacjoe_overflow_alcove_4,
          minmay_between

Skill      XL: |  1  2  3  4 |
---------------+-------------+-----
Unarmed Combat | 4 5 |  5.3
Fighting       | |  1.0
Dodging        | |  2.0
Spellcasting   | |  2.0
Transmutations | |  2.0

Action                     |  1- 3 |  4- 6 || total
---------------------------+-------+-------++-------
  Melee: Unarmed           |   107 |    42 ||   149
         Kick              |    14 |     5 ||    19
         Punch             |     2 |     4 ||     6
         Headbutt          |     9 |     8 ||    17
   Cast: Beastly Appendage |    17 |     8 ||    25
         Wereblood         |       |     2 ||     2
 Armour: Robe              |    23 |     5 ||    28
  Dodge: Dodged            |    53 |    17 ||    70

Table legend: (Time is in decaauts)
 A = Elapsed time spent in this place.
 B = Non-inter-level travel time spent in this place.
 C = Inter-level travel time spent in this place.
 D = Time resting spent in this place.
 E = Time spent auto-exploring this place.
 F = Levels seen in this place.
 G = Mean time per level.
                   A        B        C        D        E       F      G
               +--------+--------+--------+--------+--------+-----+--------+
         Total |   2047 |   1993 |     54 |     76 |   1517 |   3 |  682.3 |
       Dungeon |   2047 |   1993 |     54 |     76 |   1517 |   3 |  682.3 |
               +--------+--------+--------+--------+--------+-----+--------+

Top non-repeatable levels by time:
     D:2: 1209 daAuts
     D:1: 717 daAuts
     D:3: 121 daAuts
